 Dungeon Crawl Stone Soup version 0.19-a0-578-g4cfc824 (webtiles) character file.

147 Groucho the Vexing (level 5, -2/24 HPs)
             Began as a Spriggan Enchanter on June 9, 2016.
             Slain by a centaur (7 damage)
             ... on level 3 of the Dungeon.
             The game lasted 00:07:37 (5419 turns).

Groucho the Vexing (Spriggan Enchanter)             Turns: 5419, Time: 00:07:37

Health: -2/24      AC:  4    Str:  3 (5)  XL:     5   Next: 7%
Magic:  9/12       EV: 18    Int: 13 (16) God:
Gold:   276        SH:  0    Dex: 16 (17) Spells: 4 memorised, 4 levels left

rFire  . . .     SeeInvis +     m - +2 dagger (freeze)
rCold  . . .     Gourm    .     b - +1 robe
rNeg   . . .     Faith    .     (shield restricted)
rPois  .         Spirit   .     (helmet restricted)
rElec  .         Dismiss  .     l - +0 cloak
rCorr  .         Reflect  .     (gloves unavailable)
SustAt .         Harm     .     (boots unavailable)
MR     .....                    (no amulet)
Stlth  +++.......               (no ring)
                                (no ring)

@: very quick, not resistant to hostile enchantments, fairly stealthy
A: unfitting armour, see invisible, herbivore 3, speed 3, slow metabolism 2
a: no special abilities


You were on level 3 of the Dungeon.
You were not hungry.

You visited 1 branch of the dungeon, and saw 3 of its levels.

You collected 276 gold pieces.

Inventory:

Hand Weapons
 m - a +2 dagger of freezing (weapon)
Missiles
 e - 90 stones (quivered)
Armour
 b - a +1 robe (worn)
 l - a +0 cloak (worn)
 r - a +0 buckler
Jewellery
 q - a +3 ring of intelligence {unknown}
Wands
 t - a wand of flame (23/48)
Scrolls
 f - a scroll of teleportation {unknown}
 g - a scroll of immolation {unknown}
 j - 2 scrolls of identify
 k - 2 scrolls of fog {unknown}
 s - 2 scrolls of remove curse {unknown}
 u - 3 scrolls of amnesia {unknown}
Potions
 a - a potion of resistance
 h - 2 potions of degeneration
 i - a potion of lignification {unknown}
 n - a potion of ambrosia
 o - a potion of might {unknown}
 v - a potion of flight {unknown}
Books
 c - a book of Maledictions

   Spells                             Type                      Level
   a - Corona                         Hexes                        1
   b - Ensorcelled Hibernation        Hexes/Ice                    2
   c - Confuse                        Hexes                        3
   d - Tukima's Dance                 Hexes                        3
   e - Dazzling Spray                 Conjuration/Hexes            3
Comestibles
 d - 2 bread rations


   Skills:
 - Level 1.1 Short Blades
 - Level 3.0 Dodging
 - Level 4.4 Stealth
 * Level 4.6 Spellcasting
 * Level 5.8 Hexes


You had 4 spell levels left.
You knew the following spells:

 Your Spells              Type           Power        Failure   Level  Hunger
a - Corona                Hex            ###....      1%          1    None
b - Ensorcelled Hibernat  Hex/Ice        ##....       10%         2    ##.....
c - Confuse               Hex            ###.....     6%          3    ###....
d - Dazzling Spray        Conj/Hex       ##....       17%         3    ###....


Dungeon Overview and Level Annotations

Branches:
Dungeon (3/15)

Altars:
Elyvilon
Pakellas
Xom
Yredelemnul
The Shining One


Innate Abilities, Weirdness & Mutations

You are tiny and cannot use many weapons and most armour.
You have supernaturally acute eyesight. (SInv)
You are a herbivore.
You cover ground extremely quickly.
You need consume almost no food.


Message History

You barely miss the centaur.
The centaur is almost dead.
The centaur misses you. The centaur completely misses you.
You hit the centaur but do no damage.
The centaur is almost dead.
The centaur closely misses you.
You barely miss the centaur.
The centaur is almost dead.
The centaur hits you! The centaur closely misses you.
You hit the centaur but do no damage.
The centaur is almost dead.
The centaur hits you.
* * * LOW HITPOINT WARNING * * *
Casting: Ensorcelled Hibernation
Confirm with . or Enter, or press ? or * to list all spells.
Aiming: Confuse
Press: ? - help, Shift-Dir - straight line, f - centaur
Aim: a centaur (almost dead, chance to defeat MR: 49%)
The centaur resists with some effort.
The centaur hits you!
You die...

###########
#.........#####
#.######......##
#.##...........###
#.#.##....###..#..
#c#.#............#
#@#.#.....###..##.
#.##...#..# #..#..
#.###..#..###..##.
#..............###
#####.########## #
#.# # #.#### ##
#....# ##. #....#
##..


You could see a centaur.

Vanquished Creatures
  Robin (D:3)
  5 adders
  An ooze (D:2)
  A worm (D:3)
  3 dart slugs
  2 giant geckos
  2 orcs (D:3)
  3 giant cockroaches
  12 goblins
  13 hobgoblins
  4 jackals (D:1)
  A ball python (D:1)
  10 bats
  5 giant newts
  7 kobolds
  5 rats
75 creatures vanquished.

Notes
Turn   | Place    | Note
--------------------------------------------------------------
     0 | D:1      | Groucho the Spriggan Enchanter began the quest for the Orb.
     0 | D:1      | Reached XP level 1. HP: 9/9 MP: 5/5
   327 | D:1      | Reached skill level 4 in Hexes
   386 | D:1      | Reached XP level 2. HP: 13/13 MP: 7/7
   390 | D:1      | Learned a level 2 spell: Ensorcelled Hibernation
   671 | D:1      | Reached XP level 3. HP: 16/16 MP: 8/8
  1177 | D:2      | Learned a level 3 spell: Confuse
  1181 | D:2      | Learned a level 3 spell: Dazzling Spray
  1200 | D:2      | Found a white marble altar of Elyvilon.
  1257 | D:2      | Found a shimmering altar of Xom.
  1415 | D:2      | Reached skill level 5 in Hexes
  1776 | D:2      | Found a basalt altar of Yredelemnul.
  1778 | D:2      | Noticed a profane servitor
  1921 | D:2      | Found a glowing golden altar of the Shining One.
  1923 | D:2      | Noticed an angel
  3267 | D:3      | Reached XP level 4. HP: 21/21 MP: 11/11
  3923 | D:3      | Noticed Robin
  4236 | D:3      | Killed Robin
  4644 | D:3      | Reached XP level 5. HP: 21/24 MP: 5/12
  5343 | D:3      | Found an oddly glowing altar of Pakellas.
  5406 | D:3      | Noticed a centaur
  5419 | D:3      | Slain by a centaur

Vault maps used:
D:1:      erik_arrival_cave_to_civilisation
D:2:      grunt_temple_overflow_holy_war, old_standard_altar,
          overflow_temple_1_default, first_bread
D:3:      grunt_pakellas_basics, uniq_robin

Skill      XL: |  1  2  3 |
---------------+----------+-----
Spellcasting   | 3 4 |  4.6
Hexes          | 4 5 |  5.8
Short Blades   | |  1.1
Dodging        | |  3.0
Stealth        | |  4.4

Action                   |  1- 3 |  4- 6 || total
-------------------------+-------+-------++-------
Melee: Dagger            |   160 |    77 ||   237
 Cast: Ensorcelled Hiber |     2 |    24 ||    26
       Confuse           |       |     2 ||     2
  Use: Potion            |     2 |       ||     2
       Scroll            |     1 |       ||     1
 Stab: Sleeping          |    16 |    18 ||    34
  Eat: Royal jelly       |       |     1 ||     1
       Fruit             |       |     2 ||     2
Armor: Robe              |    23 |     4 ||    27
Dodge: Dodged            |   120 |    56 ||   176
